 Dungeon Crawl Stone Soup version 0.29.1-2-gbd0b4ee654 (console) character file.

Game seed: 10475888183074979850

625 Goreval the Changer (level 7, -5/51 HPs)
             Began as a Merfolk Transmuter on Nov 11, 2022.
             Was an Initiate of Gozag.
             Slain by an ogre
             ... wielding a +0 giant club
              (36 damage)
             ... on level 4 of the Dungeon.
             The game lasted 00:17:01 (5726 turns).

Goreval the Changer (Merfolk Transmuter)            Turns: 5726, Time: 00:17:01

Health: -5/51      AC:  2    Str: 10    XL:     7   Next: 47%
Magic:  6/11       EV: 22    Int: 15    God:    Gozag
Gold:   786        SH:  0    Dex: 19    Spells: 6/12 levels left

rFire   . . .      SeeInvis .     - Unarmed
rCold   . . .      Faith    .   (shield currently unavailable)
rNeg    . . .      Spirit   .   (body armour currently unavailable)
rPois   x          Reflect  .   (helmet currently unavailable)
rElec   .          Harm     .   (cloak currently unavailable)
rCorr   .          Rampage  .   (gloves currently unavailable)
Will    +....                   (boots currently unavailable)
Stlth   ++........              (no amulet)
HPRegen 0.17/turn               i - ring of willpower
MPRegen 0.12/turn               (no ring)

@: spider-form, gold aura
A: venomous fangs, tiny, (nimble swimmer 2), (mertail)
a: End Transformation, Renounce Religion, Potion Petition, Call Merchant, Bribe
Branch


You were on level 4 of the Dungeon.
You worshipped Gozag.
Gozag was pleased with you.
You were a venomous arachnid creature.
You visited 1 branch of the dungeon, and saw 4 of its levels.

You collected 786 gold pieces.

Inventory:

Missiles
 c - 37 stones
 e - 3 throwing nets
Armour
 a - a +0 robe (melded)
 o - a +2 pair of gloves (melded)
Magical Staves
 n - a staff of conjuration
Jewellery
 i - a ring of willpower (left front leg)
 r - a +6 ring of dexterity
Wands
 u - a wand of iceblast (6)
Scrolls
 d - a scroll of magic mapping {unknown}
 f - a scroll of immolation {unknown}
 h - a scroll of amnesia {unknown}
 j - a scroll of fear {unknown}
 l - 5 scrolls of teleportation {unknown}
 s - 2 scrolls of identify {unknown}
Potions
 b - a potion of lignification
 g - 2 potions of curing {unknown}
 k - a potion of ambrosia {unknown}
 m - a potion of haste {unknown}
 p - a potion of brilliance {unknown}
 q - a potion of might {unknown}
 t - a potion of heal wounds {unknown}
 v - 2 potions of attraction {unknown}


   Skills:
 + Level 2.9 Fighting
 + Level 4.3 Dodging
 * Level 5.5 Unarmed Combat
 + Level 3.2 Spellcasting
 * Level 5.9 Transmutations
 + Level 2.2 Poison Magic


You had 6 spell levels left.
You knew the following spells:

 Your Spells              Type           Power      Damage    Failure   Level
a - Beastly Appendage     Tmut           40%        N/A       8%          1
b - Wereblood             Tmut           20%        N/A       10%         2
c - Spider Form           Tmut/Pois      14%        N/A       26%         3

Your spell library contained the following spells:

 Spells                   Type           Power      Damage    Failure   Level
 Necrotise                Necr           8%         1d4       41%         1
 Ice Form                 Ice/Tmut       11%        N/A       71%         4
 Gell's Gravitas          Tloc           2%         N/A       73%         3
 Teleport Other           Tloc           2%         N/A       73%         3
 Vampiric Draining        Necr           2%         2d6       73%         3
 Agony                    Necr           2%         N/A       100%        5
 Dispersal                Tloc           1%         N/A       100%        6


Dungeon Overview and Level Annotations

Branches:
Dungeon (4/15)
 Temple: D:4-7

Altars:
Gozag


Innate Abilities, Weirdness & Mutations

You are a venomous arachnid creature.
You have poisonous fangs.
You are tiny and dextrous.
Your spellcasting is less reliable in this form.
Your armour is entirely melded.
You are incapable of wielding weapons or throwing items.
((You are very nimble when in or above water. (Stealth+, EV+, Speed+++)))
((Your lower body shifts to a powerful aquatic tail in water.))


Message History

a +0 dagger; a +0 scale mail Your transformation has ended.
Your +2 pair of gloves unmelds from your body.
Your +0 robe unmelds from your body.
Done exploring.
Done exploring.
(D) Dungeon
Where to? (Enter - D:3, ? - help)
There is a stone staircase leading down here.
You climb downwards.
There is a stone staircase leading up here.
An adder comes into view.
An ogre comes into view. It is wielding a +0 giant club.
The ogre shouts!
The adder hisses angrily.
The adder barely misses you.
You hit the adder but do no damage. The adder bites you.
You hit the adder. The adder misses you.
You barely miss the adder. The adder bites you but does no damage.
You closely miss the adder. The adder completely misses you.
The adder misses you.
You closely miss the adder. The adder bites you but does no damage.
You barely miss the adder. The adder bites you.
You closely miss the adder. The adder bites you.
You barely miss the adder. The adder bites you but does no damage.
You turn into a venomous arachnid creature.
Your +2 pair of gloves melds into your body.
Your +0 robe melds into your body.
The adder completely misses you. The adder barely misses you.
You hit the adder.
The adder is poisoned.
The adder misses you.
You hit the adder.
The adder looks as sick as possible!
The adder completely misses you. The adder attacks as you move away!
The adder closely misses you.
You hit the adder.
You kill the adder!
You extend your transformation's duration.
You hit the ogre.
The ogre is poisoned.
The ogre closely misses you.
You hit the ogre but do no damage.
The ogre looks as sick as possible!
The ogre hits you with a +0 giant club!!
You bite the ogre!
The ogre looks as sick as possible!
The ogre hits you with a +0 giant club!!!
Ouch! That really hurt!
You die...
Your body crumbles into a pile of gold.

.#. ..# #.# #.# #.#
#.# #.#
##.################
#..Os.............#
#.###############.#
#.# #.# #$# #.# #.#
#.# #.# #.# #.# #.#
#.# #.######### #.#
#........<# #.#
########### #.. ###


You could see an ogre (extremely poisoned).

Vanquished Creatures
  An ogre (D:3)
  3 howler monkeys (D:3)
  A hound (D:3)
  Ijyb (D:3)
  19 gnolls
  8 adders
  A worm (D:2)
  22 orcs (D:3)
  2 ball pythons (D:1)
  4 endoplasms (D:1)
  8 goblins
  8 hobgoblins
  10 jackals (D:3)
  6 kobolds
  8 bats
  3 frilled lizards
  2 rats (D:3)
107 creatures vanquished.

Vanquished Creatures (others)
  A rat (D:3)
  A fungus (D:3)
  2 plants (D:3)
4 creatures vanquished.

Grand Total: 111 creatures vanquished

Notes
Turn   | Place    | Note
-------+----------+-------------------------------------------
     0 | D:1      | Goreval the Merfolk Transmuter began the quest for the Orb.
     0 | D:1      | Reached XP level 1. HP: 15/15 MP: 3/3
   392 | D:1      | Reached XP level 2. HP: 20/21 MP: 3/5
   395 | D:1      | Learned a level 2 spell: Wereblood
   909 | D:1      | Found a faded altar of an unknown god.
   909 | D:1      | Noticed a green death
   918 | D:1      | Prayed at the altar of an unknown god.
   918 | D:1      | Became a worshipper of Gozag Ym Sagoz the Greedy
  1533 | D:2      | Reached XP level 3. HP: 25/26 MP: 6/6
  1708 | D:2      | Reached XP level 4. HP: 3/32 MP: 7/7
  1993 | D:2      | Learned a level 3 spell: Spider Form
  2930 | D:3      | Reached XP level 5. HP: 35/38 MP: 3/8
  2952 | D:3      | Reached skill level 1 in Poison Magic
  2966 | D:3      | Reached XP level 6. HP: 20/44 MP: 6/10
  3197 | D:3      | Reached skill level 5 in Transmutations
  3578 | D:3      | Reached skill level 5 in Unarmed Combat
  3985 | D:3      | Reached XP level 7. HP: 22/51 MP: 11/11
  4850 | D:3      | Noticed Ijyb
  5597 | D:3      | Killed Ijyb
  5726 | D:4      | Slain by an ogre

Illustrated notes

Levels and vault maps discovered:
D:1:      nagdon_arrival_double_spiral, layout_basic,
          dreamdust_ecumenical_altar_sealed_demon
D:2:      layout_basic
D:3:      lemuel_castle_with_subvaults [lemuel_castle_interior_original],
          layout_basic, uniq_ijyb
D:4:      layout_basic, minmay_temple_entry_waves, nicolae_wooded_promenade

Skill      XL: |  1  2  3  4  5  6  7 |
---------------+----------------------+-----
Transmutations | 3 4 5 |  5.9
Dodging        | 3 4 |  4.3
Unarmed Combat | 4 5 |  5.5
Fighting       | 2 |  2.9
Poison Magic   | 1 2 |  2.2
Spellcasting   | 3 |  3.2

Action                   |  1- 3 |  4- 6 |  7- 9 || total
-------------------------+-------+-------+-------++-------
Melee: Unarmed           |    91 |   173 |   115 ||   379
       Headbutt          |     9 |    29 |    10 ||    48
       Punch             |     2 |     5 |     5 ||    12
       Tailslap          |       |    19 |       ||    19
 Cast: Beastly Appendage |     8 |    17 |    13 ||    38
       Wereblood         |       |     5 |     2 ||     7
       Spider Form       |       |       |     3 ||     3
 Stab: Distracted        |       |       |     1 ||     1
Armor: Robe              |    19 |    11 |    21 ||    51
Dodge: Dodged            |    64 |    87 |    70 ||   221
